Map: Dash and Terminal LE (Void)

Players

SolaCe (Nina) - Winner!

  • Race: Protoss Protoss
  • League: Master

Patience

  • Race: Protoss Protoss
  • League: Platinum

Event: ASL Season 5 Prime League LOTV Beta

VOD

Have the link to the VOD?

Description

Time

  • Played on: Sept. 30, 2015, 8:27 p.m.
  • Length: 12:50

All games in this series

Show
View Real Time Build Order
Export as new Build Order

SolaCe Protoss - Winner!

Build Orders:  

Get SALT Encoding   

  12  0:01  Probe (Chrono Boost)  
  13  0:11  Probe (Chrono Boost)  
  14  0:19  Pylon  
  14  0:21  Probe (Chrono Boost)  
  15  0:37  Probe (Chrono Boost)  
  15  0:38  Gateway  
  16  0:47  Probe (Chrono Boost)  
  16  0:49  Assimilator  
  17  0:56  Probe (Chrono Boost)  
  18  1:06  Probe (Chrono Boost)  
  19  1:16  Probe (Chrono Boost)  
  20  1:23  Pylon  
  20  1:26  Cybernetics Core, Probe (Chrono Boost)  
  21  1:36  Probe (Chrono Boost)  
  22  1:45  Assimilator  
  22  1:51  Nexus  
  22  1:53  Probe (Chrono Boost)  
  23  2:00  Stalker (Chrono Boost)  
  23  2:02  Warp Gate (Chrono Boost)  
  25  2:13  Gateway  
  25  2:21  Mothership Core (Chrono Boost)  
  27  2:28  Stalker  
  29  2:42  Probe (Chrono Boost)  
  30  2:44  Pylon  
  30  2:54  Probe (Chrono Boost)  
  30  3:03  Probe (Chrono Boost)  
  32  3:06  Probe (Chrono Boost)  
  32  3:11  Probe (Chrono Boost)  
  32  3:16  Probe (Chrono Boost)  
  34  3:25  Probe  
  35  3:34  Probe  
  35  3:36  Twilight Council, Probe  
  36  3:46  Probe x2  
  37  3:56  Probe, Pylon  
  37  3:58  Probe  
  39  4:06  Probe  
  40  4:10  Gateway, Probe  
  40  4:16  Probe  
  41  4:17  Blink (Chrono Boost)  
  41  4:18  Robotics Facility  
  42  4:25  Probe  
  42  4:27  Adept  
  42  4:29  Probe  
  45  4:37  Probe  
  47  4:39  Probe, Gateway  
  47  4:45  Gateway  
  48  4:53  Gateway  
  48  4:55  Probe, Pylon  
  48  4:57  Probe  
  50  5:06  Assimilator  
  50  5:07  Probe  
  50  5:10  Assimilator  
  51  5:24  Probe  
  51  5:25  Stalker x2, Probe  
  57  5:29  Observer (Chrono Boost)  
  57  5:32  Forge  
  52  5:37  Pylon  
  52  5:39  Pylon  
  52  5:43  Stalker x3  
  58  5:51  Stalker x2  
  47  6:04  Stalker  
  47  6:09  Stalker x2  
  45  6:16  Stalker  
  47  6:22  Stalker  
  47  6:31  Stalker x2  
  49  6:38  Probe  
  49  6:39  Probe  
  51  6:48  Probe  
  51  6:51  Probe  
  53  6:57  Stalker, Probe  
  56  7:01  Observer (Chrono Boost)  
  56  7:04  Probe  
  56  7:08  Probe (Chrono Boost)  
  58  7:14  Probe (Chrono Boost)  
  59  7:19  Warp Prism (Chrono Boost)  
  63  7:25  Mothership Core (Chrono Boost), Probe (Chrono Boost)  
  65  7:35  Probe (Chrono Boost)  
  64  7:43  Probe (Chrono Boost), Robotics Bay  
  65  7:45  Probe (Chrono Boost)  
  65  7:51  Stalker  
  68  7:53  Probe (Chrono Boost)  
  68  7:55  Probe (Chrono Boost)  
  70  8:03  Probe (Chrono Boost)  
  70  8:05  Probe (Chrono Boost)  
  72  8:13  Probe (Chrono Boost)  
  72  8:15  Probe (Chrono Boost)  
  72  8:17  Adept x2  
  72  8:18  Adept  
  72  8:19  Adept  
  77  8:27  Pylon  
  77  8:28  Disruptor (Chrono Boost)  
  80  8:34  Stalker  
  82  8:42  Zealot x2  
  86  8:51  Stalker x2  
  84  9:10  Disruptor (Chrono Boost)  
  87  9:21  Pylon  
  87  9:25  Stalker, Probe  
  87  9:26  Stalker  
  87  9:27  Nexus  
  87  9:29  Probe, Pylon  
  93  9:39  Disruptor (Chrono Boost)  
  94  9:47  Probe  
  94  9:48  Probe  
  96  9:53  Pylon  
  96  10:05  Stalker x3  
  96  10:06  Stalker x2  
  99  10:11  Probe  
  99  10:14  Stalker  
  90  10:30  Stalker x3  
  90  10:31  Stalker  
  93  10:39  Disruptor (Chrono Boost)  
  94  10:42  Stalker  
  94  10:47  Stalker  
  92  10:57  Stalker  
  92  11:00  Stalker  
  96  11:05  Stalker  
  96  11:09  Stalker  
  96  11:10  Probe  
  96  11:11  Probe  
  100  11:12  Probe  
  100  11:18  Disruptor (Chrono Boost)  
  103  11:20  Probe  
  107  11:27  Probe  
  106  11:41  Probe  
  107  11:47  Disruptor (Chrono Boost)  
  107  11:53  Assimilator  
  107  11:54  Photon Cannon, Assimilator  
  110  11:57  Photon Cannon  
  110  12:00  Stalker x3  
  110  12:01  Photon Cannon  
  114  12:16  Disruptor (Chrono Boost)  
  115  12:26  Adept  
  115  12:32  Nexus  
Show
View Real Time Build Order
Export as new Build Order

Patience Protoss 

Build Orders:  

Get SALT Encoding   

  12  0:09  Pylon  
  12  0:13  Probe (Chrono Boost)  
  13  0:23  Probe (Chrono Boost)  
  14  0:32  Gateway  
  14  0:34  Probe (Chrono Boost)  
  15  0:44  Probe (Chrono Boost)  
  15  0:45  Assimilator  
  16  0:54  Probe (Chrono Boost)  
  17  1:04  Probe (Chrono Boost)  
  18  1:13  Probe (Chrono Boost)  
  19  1:23  Cybernetics Core, Probe (Chrono Boost)  
  20  1:33  Probe (Chrono Boost)  
  20  1:35  Pylon  
  21  1:43  Probe (Chrono Boost)  
  23  2:00  Mothership Core (Chrono Boost)  
  24  2:01  Adept (Chrono Boost)  
  26  2:09  Nexus  
  26  2:11  Warp Gate (Chrono Boost)  
  26  2:20  Probe (Chrono Boost)  
  26  2:21  Assimilator  
  27  2:27  Adept (Chrono Boost)  
  29  2:39  Pylon  
  29  2:41  Pylon  
  29  2:47  Probe  
  29  2:59  Probe  
  30  3:11  Probe  
  30  3:12  Gateway x2  
  31  3:23  Gateway, Probe  
  31  3:26  Probe  
  32  3:27  Robotics Facility  
  33  3:35  Probe  
  33  3:39  Probe  
  35  3:47  Probe  
  34  3:53  Probe  
  35  3:59  Probe (Chrono Boost)  
  36  4:04  Probe (Chrono Boost)  
  37  4:19  Warp Prism (Chrono Boost)  
  37  4:20  Pylon  
  37  4:24  Probe  
  37  4:26  Pylon  
  38  4:33  Pylon  
  38  4:39  Gateway x2  
  38  4:45  Sentry x3  
  40  4:46  Sentry  
  46  4:53  Probe, Observer (Chrono Boost)  
  46  4:55  Probe  
  49  5:12  Stalker x4, Probe  
  49  5:14  Probe  
  57  5:35  Stalker x2, Pylon  
  56  5:42  Adept x2  
  60  5:49  Pylon  
  60  5:51  Assimilator  
  60  5:54  Assimilator  
  60  6:04  Adept x3  
  60  6:05  Adept x2  
  68  6:12  Probe x2  
  52  6:29  Probe x2  
  52  6:33  Immortal (Chrono Boost)  
  44  6:41  Probe x2, Pylon  
  44  6:46  Sentry  
  48  6:49  Twilight Council  
  48  6:55  Probe x2  
  48  6:56  Stalker x2  
  48  6:59  Stalker  
  56  7:08  Immortal (Chrono Boost)  
  56  7:14  Probe x2  
  59  7:26  Probe x2  
  60  7:35  Sentry x2  
  63  7:38  Probe x2  
  63  7:40  Observer (Chrono Boost)  
  66  7:45  Blink (Chrono Boost)  
  66  7:50  Probe x2  
  67  7:57  Stalker  
  67  7:58  Stalker  
  70  8:02  Probe x2  
  72  8:18  Observer  
  70  8:31  Stalker x2  
  70  8:32  Stalker x4, Warp Prism  
  82  8:41  Mothership Core (Chrono Boost)  
  81  8:50  Pylon  
  81  9:03  Pylon  
  81  9:05  Pylon  
  81  9:09  Pylon  
  79  9:22  Pylon  
  79  9:29  Stalker  
  79  9:30  Stalker x2  
  79  9:31  Stalker  
  87  9:32  Warp Prism  
  79  10:08  Stalker x5  
  79  10:09  Stalker  
  85  10:32  Stalker  
  85  10:33  Stalker  
  79  10:35  Stalker  
  79  10:37  Zealot  
  79  10:40  Probe x2  
  81  10:52  Probe x2, Warp Prism  
  83  11:04  Stalker x4  
  91  11:14  Stalker  
  91  11:15  Stalker  
  93  11:41  Stalker x4  
  93  11:42  Stalker  
  103  11:50  Stalker  
  104  12:09  Stalker x2  
  104  12:10  Stalker x3  
  90  12:39  Stalker x5  
Tags
 
Add a new tag
Caveats
  • Supply blocks, unpowered buildings, or Contaminate may cause inaccurate times.
  • Supply counts are checked every 10 seconds.